 Dungeon Crawl Stone Soup version 0.29.1-1-gd02db69 (webtiles) character file.

Game seed: 8602002454327731750

38 Kel the Chopper (level 3, 0/23 HPs)
             Began as a Gargoyle Fighter on Nov 23, 2022.
             Slain by a gnoll
             ... wielding a +0 spear
              (1 damage)
             ... on level 2 of the Dungeon.
             The game lasted 00:02:00 (933 turns).

Kel the Chopper (Gargoyle Fighter)                   Turns: 933, Time: 00:02:00

Health: 0/23       AC: 10    Str: 21    XL:     3   Next: 43%
Magic:  3/3        EV:  9    Int:  8    God:
Gold:   67         SH:  4    Dex:  9    Spells: 2/2 levels left

rFire   . . .      SeeInvis .   a - +0 war axe
rCold   . . .      Faith    .   c - +0 buckler
rNeg    + . .      Spirit   .   b - +0 scale mail
rPois   ∞          Reflect  .   (no helmet)
rElec   +          Harm     .   (no cloak)
rCorr   .          Rampage  .   (no gloves)
Will    .....                   (no boots)
Stlth   ..........              (no amulet)
HPRegen 0.07/turn               (no ring)
MPRegen 0.08/turn               (no ring)

@: mighty
A: sickness immunity, AC +3, negative energy resistance 1, electricity
resistance, torment resistance 1, petrification resistance
a: no special abilities


You were on level 2 of the Dungeon.
You visited 1 branch of the dungeon, and saw 2 of its levels.

You collected 67 gold pieces.

Inventory:

Hand Weapons
 a - a +0 war axe (weapon)
Armour
 b - a +0 scale mail (worn)
 c - a +0 buckler (worn)
Jewellery
 h - a +4 ring of protection
Potions
 d - a potion of might
 e - a potion of degeneration {unknown}
 f - a potion of curing {unknown}
 g - a potion of attraction {unknown}
 i - a potion of heal wounds {unknown}
 j - a potion of lignification {unknown}
 k - a potion of flight {unknown}


   Skills:
 - Level 3.2 Fighting
 + Level 3.4 Axes
 - Level 3.2 Armour
 - Level 3.2 Shields


You had 2 spell levels left.
You didn't know any spells.
Your spell library contained the following spells:

 Spells                   Type           Power      Damage    Failure   Level
 Scorch                   Fire           0%         2d5       93%         2
 Flame Wave               Conj/Fire      0%         2d4       100%        4
 Summon Cactus Giant      Summ           0%         N/A       100%        6


Dungeon Overview and Level Annotations

Branches:
Dungeon (2/15)

Altars:

Shops:
D:1 !*:


Innate Abilities, Weirdness & Mutations

You are immune to sickness and miasma.
Your stone body is resilient. (AC +3)
You are immune to poison.
You resist negative energy. (rN+)
You are resistant to electric shocks. (rElec)
You are resistant to unholy torment.
You are immune to petrification.


Message History

You barely miss the gnoll.
The gnoll is almost dead.
The gnoll hits you but does no damage. The gnoll barely misses you.
The gnoll hits you from afar with a +0 spear.
* * * LOW HITPOINT WARNING * * *
The gnoll hits you but does no damage.
You hit the gnoll.
You kill the gnoll!
The gnoll hits you from afar with a +0 spear.
* * * LOW HITPOINT WARNING * * *
Your Axes skill increases to level 3!
You have reached level 3!
Your experience leads to an increase in your attributes!
Increase (S)trength, (I)ntelligence, or (D)exterity?
You feel stronger. x2
You completely miss the gnoll.
The gnoll hits you but does no damage. x2
You barely miss the gnoll. The gnoll hits you but does no damage.
You block the gnoll's attack.
A ball python comes into view.
The gnoll hits you but does no damage. The gnoll barely misses you.
You closely miss the gnoll.
The ball python hisses angrily.
The gnoll hits you but does no damage. The gnoll barely misses you.
You completely miss the gnoll. The gnoll hits you but does no damage.
The gnoll barely misses you.
You slash the gnoll!
The gnoll is heavily wounded.
You block the gnoll's attack. The gnoll hits you with a +0 club.
* * * LOW HITPOINT WARNING * * *
The gnoll hits you but does no damage.
The gnoll hits you from afar with a +0 spear.
* * * LOW HITPOINT WARNING * * *
You feel very mighty all of a sudden. The gnoll barely misses you.
The gnoll hits you but does no damage.
You slash the gnoll!
You kill the gnoll!
The gnoll hits you but does no damage.
You miss the goblin.
The gnoll hits you from afar with a +0 spear.
You die...

############### ##########
#.....>.......# #........#
##.####..###.#.# #........#
...........#.#.####........#
##.###...#.#.#..@gg........#
#.# #.......#####gS.......#
#.# #.......#
###.........#### #.#
#.####...[.................
#.# #.
#######............### #.#
#............# #.#
#............#
#............#
#............#


You could see 2 gnolls, a goblin and a ball python.

Vanquished Creatures
  2 gnolls (D:2)
  3 endoplasms
  2 giant cockroaches (D:1)
  2 hobgoblins (D:1)
  A kobold (D:1)
  A quokka (D:1)
  2 ball pythons
  2 bats
  2 frilled lizards
  A rat (D:1)
18 creatures vanquished.

Notes
Turn   | Place    | Note
-------+----------+-------------------------------------------
     0 | D:1      | Kel the Gargoyle Fighter began the quest for the Orb.
     0 | D:1      | Reached XP level 1. HP: 14/14 MP: 1/1
   240 | D:1      | Found Xaqem's Book Emporium.
   351 | D:1      | Reached XP level 2. HP: 19/19 MP: 2/2
   371 | D:1      | Found Visedghi's Distillery.
   546 | D:1      | Found Jedosuih's Assorted Antiques.
   926 | D:2      | Reached XP level 3. HP: 5/23 MP: 3/3
   930 | D:2      | HP: 1/23 [gnoll/+0 spear (2)]
   933 | D:2      | Slain by a gnoll

Illustrated notes

Levels and vault maps discovered:
D:1:      dpeg_arrival_tiny_d, layout_loops_cross, serial_shops, shop_statue,
          nicolae_shop_crystal, shop
D:2:      layout_basic, uniq_terence

Skill      XL: |  1  2 |
---------------+-------+-----
Axes           | 2 3 |  3.4
Fighting       | |  3.2
Armour         | |  3.2
Shields        | |  3.2

Action                   || total
-------------------------++-------
Melee: War axe           ||    51
  Use: Potion            ||     1
Armor: Scale mail        ||    30
Dodge: Dodged            ||    32
Block: Buckler           ||    10
